 Dungeon Crawl Stone Soup version 0.28.0-53-g5a82cb258f (webtiles) character file.

Game seed: 12878486506237647620

242290 KamiKatze the Sorcerer (level 18, -16/105 HPs)
             Began as a Deep Elf Conjurer on July 18, 2022.
             Was the Champion of Vehumet.
             Shot with a bolt by a yaktaur captain (36 damage)
             ... on level 1 of the Vaults on July 19, 2022.
             The game lasted 04:08:46 (36958 turns).

KamiKatze the Sorcerer (Deep Elf Conjurer)         Turns: 36958, Time: 04:08:47

Health: -16/105    AC: 13    Str:  4    XL:     18   Next: 67%
Magic:  14/54      EV: 16    Int: 32    God:    Vehumet [******]
Gold:   1149       SH:  6    Dex: 16    Spells: 8/60 levels left

rFire   + . .      SeeInvis .   a - +8 trident of the Octopus King {venom, rElec rPois}
rCold   + + .      Faith    .   w - +0 buckler
rNeg    . . .      Spirit   .   f - +2 robe {rC+ rF+}
rPois   +          Reflect  .   s - +2 helmet
rElec   +          Harm     .   J - +0 cloak
rCorr   .          Rampage  .   C - +2 pair of gloves
Will    ++...                   o - +1 pair of boots
Stlth   +++++.....              x - amulet of magic regeneration
HPRegen 0.27/turn               G - ring of the Pharaoh's Fist {Wiz rElec rC+ Will+ Dex+3}
MPRegen 0.74/turn               j - ring of magical power

@: no status effects
A: no striking features
}: 2/15 runes: decaying, serpentine
a: Renounce Religion


You were on level 1 of the Vaults.
You worshipped Vehumet.
Vehumet was exalted by your worship.
You visited 7 branches of the dungeon, and saw 33 of its levels.
You also visited: Bailey.

You collected 3500 gold pieces.
You spent 2351 gold pieces at shops.

Inventory:

Hand Weapons
 a - the +8 trident of the Octopus King (weapon) {venom, rElec rPois}
   (You found it on level 6 of the Lair of Beasts)

   It poisons the flesh of those it strikes.
   rElec:     It insulates you from electricity.
   rPois:     It protects you from poison.
 b - the +9 war axe of Gallantry {protect, Will+ Int+2 SInv}
   (You found it on level 2 of the Snake Pit)

   It grants its wielder temporary protection when it strikes (+7 to AC).
   Int:       It affects your intelligence (+2).
   SInv:      It lets you see invisible.
   Will:      It increases your willpower.
Missiles
 t - 8 datura-tipped darts
 S - 31 poisoned darts (quivered)
 Z - 2 throwing nets
Armour
 f - a +2 robe of resistance (worn)
 o - a +1 pair of boots (worn)
 s - a +2 helmet (worn)
 w - a +0 buckler (worn)
 C - a +2 pair of gloves (worn)
 J - a +0 cloak (worn)
Magical Staves
 q - a staff of conjuration
 y - a staff of earth
Jewellery
 j - a ring of magical power (right hand)
 x - an amulet of magic regeneration (around neck)
 z - a ring of willpower
 G - the ring of the Pharaoh's Fist (left hand) {Wiz rElec rC+ Will+ Dex+3}
   (You bought it in a shop on level 2 of the Orcish Mines)

   [ring of wizardry]

   It improves your spell success rate.
   Dex:       It affects your dexterity (+3).
   rC:        It protects you from cold.
   rElec:     It insulates you from electricity.
   Will:      It increases your willpower.
 M - the ring of the Shimmering Hero {Fly rC+ rCorr}
   (You bought it in a shop on level 2 of the Snake Pit)

   [ring of flight]

   rC:        It protects you from cold.
   Fly:       It grants you flight.
   rCorr:     It protects you from acid and corrosion.
 U - a ring of protection from cold
Wands
 B - a wand of digging (4)
 F - a wand of charming (1)
 O - a wand of mindburst (2)
 V - a wand of acid (4)
 X - a wand of flame (6)
Scrolls
 d - 5 scrolls of magic mapping
 e - a scroll of silence
 h - a scroll of brand weapon
 l - 17 scrolls of teleportation
 r - a scroll of immolation
 A - 2 scrolls of fear
 P - 13 scrolls of identify
 T - a scroll of holy word
 W - a scroll of blinking
Potions
 c - 2 potions of invisibility
 g - 14 potions of curing
 i - 5 potions of might
 m - 3 potions of resistance
 n - 4 potions of attraction
 p - 2 potions of berserk rage
 u - 4 potions of haste
 v - 2 potions of magic
 D - 2 potions of heal wounds
 I - 2 potions of cancellation
 K - a potion of brilliance
 L - 3 potions of lignification
 Q - 6 potions of flight
Miscellaneous
 k - a lightning rod (4/4)
 N - a phantom mirror
 R - a tin of tremorstones (2/2)


   Skills:
 - Level 9.0 Fighting
 - Level 8.3 Dodging
 - Level 10.2 Stealth
 * Level 6.6 Shields
 + Level 21.9 Spellcasting
 + Level 16.6 Conjurations
 - Level 10.0 Hexes
 - Level 10.0 Translocations
 * Level 8.6 Fire Magic
 - Level 6.0 Ice Magic
 + Level 10.4 Air Magic
 + Level 11.3 Earth Magic
 - Level 6.0 Poison Magic


You had 8 spell levels left.
You knew the following spells:

 Your Spells              Type           Power      Damage    Failure   Level
a - Magic Dart            Conj           100%       1d8       0%          1
b - Searing Ray           Conj           100%       2d8       0%          2
c - Fulminant Prism       Conj/Hex       44%        3d20      1%          4
d - Iskenderun's Mystic   Conj/Tloc      88%        2d17      1%          4
e - Iron Shot             Conj/Erth      45%        9d9       1%          6
f - Freezing Cloud        Conj/Ice/Air   40%        6-21      1%          5
g - Conjure Ball Lightni  Conj/Air       44%        3x3d15    1%          6
h - Orb of Destruction    Conj           48%        9d13      1%          7
i - Yara's Violent Unrav  Hex/Tmut       30%        3d13      1%          5
j - Ignition              Fire           37%        3d11      22%         8
t - Olgreb's Toxic Radia  Pois           65%        N/A       1%          4

Your spell library contained the following spells:

 Spells                   Type           Power      Damage    Failure   Level
 Lehudib's Crystal Spear  Conj/Erth      45%        10d11     3%          8
 Maxwell's Capacitive Co  Air            40%        ∞         12%         8
 Fire Storm               Conj/Fire      43%        8d11      50%         9
 Apportation              Tloc           100%       N/A       0%          1
 Slow                     Hex            100%       N/A       0%          1
 Dazzling Flash           Conj/Hex       100%       N/A       0%          3
 Animate Skeleton         Necr           70%        N/A       1%          1
 Sting                    Tmut/Pois      100%       1d8       1%          1
 Summon Small Mammal      Summ           100%       N/A       1%          1
 Ensorcelled Hibernation  Hex/Ice        100%       N/A       1%          2
 Passwall                 Tmut/Erth      53%        N/A       1%          2
 Poisonous Vapours        Pois/Air       100%       N/A       1%          2
 Scorch                   Fire           100%       2d10      1%          2
 Sublimation of Blood     Necr           35%        N/A       1%          2
 Wereblood                Tmut           35%        N/A       1%          2
 Confusing Touch          Hex            78%        N/A       1%          3
 Frozen Ramparts          Ice            100%       1d12      1%          3
 Spider Form              Tmut/Pois      53%        N/A       1%          3
 Summon Guardian Golem    Hex/Summ       61%        N/A       1%          3
 Swiftness                Air            80%        N/A       1%          3
 Tukima's Dance           Hex            78%        N/A       1%          3
 Vampiric Draining        Necr           35%        2d8       1%          3
 Anguish                  Hex/Necr       30%        N/A       1%          4
 Animate Armour           Summ/Erth      100%       N/A       1%          4
 Flame Wave               Conj/Fire      86%        2d15      1%          4
 Passage of Golubria      Tloc           78%        N/A       1%          4
 Petrify                  Tmut/Erth      64%        N/A       1%          4
 Borgnjor's Vile Clutch   Necr/Erth      32%        N/A       1%          5
 Irradiate                Conj/Tmut      36%        3d25      1%          5
 Iskenderun's Battlesphe  Conj           96%        2d14      1%          5
 Summon Forest            Summ/Tloc      30%        N/A       1%          5
 Summon Mana Viper        Hex/Summ       61%        N/A       1%          5
 Starburst                Conj/Fire      43%        6d12      1%          6
 Animate Dead             Necr           17%        N/A       4%          4
 Spellforged Servitor     Conj/Summ      36%        N/A       4%          7
 Blade Hands              Tmut           17%        N/A       13%         5
 Malign Gateway           Summ/Tloc      30%        N/A       43%         7
 Death Channel            Necr           17%        N/A       54%         6
 Summon Cactus Giant      Summ           17%        N/A       54%         6
 Haunt                    Necr/Summ      17%        N/A       98%         7
 Summon Hydra             Summ           17%        N/A       98%         7
 Summon Horrible Things   Summ           17%        N/A       100%        8


Dungeon Overview and Level Annotations

Branches:
Dungeon (15/15)            Temple (1/1) D:4            Lair (6/6) D:9
  Swamp (4/4) Lair:2        Snake (4/4) Lair:4        Slime (0/5) Lair:6
    Orc (2/2) D:10            Elf (0/3) Orc:2        Vaults (1/5) D:13
 Depths (0/4) D:15         Bailey (visited)

Altars:
Ashenzari
Cheibriados
Dithmenos
Elyvilon
Fedhas
Gozag
Hepliaklqana
Kikubaaqudgha
Makhleb
Nemelex Xobeh
Okawaru
Qazlal
Ru
Sif Muna
Trog
Uskayaw
Vehumet
Wu Jian
Xom
Yredelemnul
Zin
The Shining One
Beogh

Shops:
D:5 ?   Orc:1 **   Orc:2 =[!:(   Snake:2 :=   Snake:4 [

Annotations:
Snake:1 2 transporters, Mesuenwa's ghost, adept DEWz


Message History

A fulminant prism comes into view.
Your fulminant prism crackles loudly.
Your fulminant prism explodes!
You start resting.
Nikola the Mad Inventor comes into view.
He is wielding a +0 rapier of electrocution.
Casting: Fulminant Prism (safe; 1% risk of failure)
Confirm with . or Enter, or press ? or * to list all spells.
Aiming: Orb of Destruction (dangerous; 1% risk of failure)
Press: ? - help, Shift-Dir - straight line, f - Nikola
Aim: Nikola, wielding a +0 rapier of electrocution, wearing a +0 cloak and wearing a +0 pair of gloves (moderately wounded)
You hear a shout!
Casting: Orb of Destruction (dangerous; 1% risk of failure)
Confirm with . or Enter, or press ? or * to list all spells.
Aiming: Orb of Destruction (dangerous; 1% risk of failure)
Press: ? - help, Shift-Dir - straight line, f/p - Nikola
Aim: Nikola, wielding a +0 rapier of electrocution, wearing a +0 cloak and wearing a +0 pair of gloves (severely wounded)
The orb of destruction hits Nikola!!!
Nikola is almost dead.
Nikola mumbles, "Hm, I wonder if you're conductive."
Casting: Orb of Destruction (dangerous; 1% risk of failure)
Confirm with . or Enter, or press ? or * to list all spells.
Aiming: Orb of Destruction (dangerous; 1% risk of failure)
Press: ? - help, Shift-Dir - straight line, f/p - Nikola
Aim: Nikola, wielding a +0 rapier of electrocution, wearing a +0 cloak and wearing a +0 pair of gloves (magical condensation, almost dead) Nikola gestures wildly while chanting.
Nikola blinks!
You hit Nikola.
You kill Nikola!
Vehumet accepts your kill.
You feel your power returning.
The yaktaur captain shoots a bolt.
The bolt hits you!!
* * * LOW HITPOINT WARNING * * *
Your orb of destruction hits a stone wall.
Casting: Orb of Destruction (dangerous; 1% risk of failure)
Confirm with . or Enter, or press ? or * to list all spells.
Aiming: Orb of Destruction (dangerous; 1% risk of failure)
Press: ? - help, Shift-Dir - straight line, f - yaktaur captain
Aim: a yaktaur captain, wielding a +0 arbalest and quivering bolts (severely wounded)
The yaktaur captain shoots a bolt.
The bolt hits you!!!
You die...

...# #.##.##.# #..#
...# #.##.##.# #*@#
...# #...)...# #°.#
#.##.##.# #○.#
#.##.##.# #°.#
#.....∩.# #°.#
#######'###########..#
..............°°°○c..#
...........)@*.°.....#
######################


You could see a yaktaur captain (ally target).

Vanquished Creatures
  Mara (Swamp:3)
  Nikola (Vaults:1)
  Rupert (D:14)
  3 tentacled monstrosities
  Gastronok (D:9)
  Kirke (D:13)
  5 thorn hunters
  A fenstrider witch (Swamp:2)
  5 nagarajas (Snake:4)
  2 orc warlords
  An ironbound preserver (Vaults:1)
  An eleionoma (Swamp:4)
  Azrael (Snake:2)
  3 bunyips
  A shambling mangrove (Swamp:2)
  The ghost of Desiwk the Fighter, a journeyman MiFi of the Shining One (Lair:1)
  25 hydras
  A great orb of eyes (Vaults:1)
  A salamander tyrant (Snake:3)
  2 boulder beetles
  Erolcha (D:13)
  A vault guard (D:13)
  2 ghost crabs
  8 ogre magi
  3 catoblepae
  13 naga warriors
  A merfolk avatar (Lair:6)
  10 two-headed ogres
  2 centaur warriors
  The ghost of Tyszek the Spear-Bearer, a novice MiFi of Okawaru (D:8)
  18 anacondas
  A death knight (D:15)
  8 alligators
  3 orc high priests
  5 shock serpents
  10 naga sharpshooters
  2 tengu warriors (D:14)
  2 deep elf knights
  9 goliath frogs
  11 swamp dragons (Swamp:4)
  5 salamander mystics
  5 sea snakes (Snake:4)
  6 spriggan druids
  3 deep trolls (Vaults:1)
  7 naga ritualists
  3 harpies (Lair:6)
  2 deep elf zephyrmancers
  8 bog bodies
  2 wizards
  A phantasmal warrior (D:15)
  An ironbound convoker (Vaults:1)
  6 deep elf pyromancers
  A wolf spider zombie (D:15)
  10 mana vipers
  An orc knight (Orc:2)
  A lindwurm (Lair:3)
  17 ugly things
  A necromancer (D:15)
  3 manticores
  8 orc sorcerers
  6 cyclopes
  2 will-o-the-wisps
  A manticore (shapeshifter) (D:15)
  13 salamanders
  An elephant (shapeshifter) (D:14)
  7 oklob plants
  7 guardian serpents
  33 black mambas
  15 elephants
  5 torpor snails (Lair:1)
  22 naga magi
  A gargoyle (D:14)
  A rime drake (Lair:6)
  7 cane toads
  An unseen horror (D:11)
  15 komodo dragons
  An efreet (D:15)
  4 yaktaurs
  A kobold demonologist (D:12)
  2 freezing wraiths (D:15)
  2 tengu conjurers
  2 bloated husks
  8 trolls
  2 tarantellas (shapeshifter)
  5 polar bears
  Prince Ribbit (Lair:3)
  8 tyrant leeches
  4 hornets
  10 blink frogs
  A wind drake (Lair:6)
  A snapping turtle (Lair:6)
  6 slime creatures
  4 dream sheep (Lair:4)
  A meliai zombie (D:11)
  61 yaks
  3 wraiths
  A human (D:9)
  5 spriggans
  A vampire (D:10)
  2 shadows
  9 wyverns
  4 fire elementals (Snake:2)
  11 hogs
  4 basilisks
  3 steam dragons
  18 vampire mosquitoes
  Menkaure (D:7)
  An acid dragon (D:9)
  41 nagas
  16 swamp worms
  5 wargs
  2 hell hounds (Snake:2)
  13 water moccasins
  12 swamp drakes
  2 sky beasts
  2 ice beasts (D:8)
  31 orc warriors
  14 ogres
  3 centaurs
  11 bullfrogs
  2 kobold brigands
  A scorpion (D:7)
  A wyvern skeleton (D:6)
  7 killer bees
  5 wights
  2 howler monkeys
  An electric eel (Lair:2)
  6 centaur zombies
  11 orc priests
  A gnoll shaman (D:7)
  2 jellies
  2 centaur skeletons
  2 iguanas
  43 orc wizards
  A killer bee zombie (D:8)
  A hound skeleton (D:4)
  A howler monkey zombie (D:10)
  5 gnolls
  6 adders
  A white imp (D:8)
  An ufetubus (D:5)
  2 worms
  2 dart slugs
  74 orcs
  4 endoplasms
  A giant cockroach (D:4)
  12 goblins
  11 hobgoblins
  10 jackals
  22 kobolds
  5 quokkas
  3 ball pythons
  3 bats (D:2)
  4 frilled lizards
  9 rats
  A bush (Lair:3)
1001 creatures vanquished.

Vanquished Creatures (collateral kills)
  7 ball lightnings
7 creatures vanquished.

Vanquished Creatures (others)
  A redback simulacrum (D:15)
  196 ball lightnings
  6 foxfires
  412 fulminant prisms
  51 fungi
  110 plants
776 creatures vanquished.

Grand Total: 1784 creatures vanquished

Notes
Turn   | Place    | Note
-------+----------+-------------------------------------------
     0 | D:1      | KamiKatze the Deep Elf Conjurer began the quest for the
                  | Orb.
     0 | D:1      | Reached XP level 1. HP: 10/10 MP: 6/6
   128 | D:1      | Reached XP level 2. HP: 15/15 MP: 2/8
   131 | D:1      | Learned a level 2 spell: Searing Ray
   218 | D:1      | Reached skill level 1 in Hexes
   406 | D:1      | Reached skill level 1 in Translocations
   409 | D:1      | Found a faded altar of an unknown god.
   480 | D:1      | Reached XP level 3. HP: 19/19 MP: 6/9
  1388 | D:3      | Reached XP level 4. HP: 24/24 MP: 11/11
  1393 | D:3      | Learned a level 4 spell: Fulminant Prism
  1468 | D:3      | Found a shimmering altar of Xom.
  2057 | D:4      | Found a staircase to the Ecumenical Temple.
  2058 | D:4      | Noticed an ogre
  2074 | D:4      | Reached skill level 5 in Conjurations
  2075 | D:4      | Killed an ogre
  2076 | D:4      | Reached skill level 4 in Spellcasting
  2076 | D:4      | Reached XP level 5. HP: 28/28 MP: 11/13
  2101 | Temple   | Entered the Ecumenical Temple
  2380 | Temple   | Became a worshipper of Vehumet
  2416 | D:4      | Learned a level 4 spell: Iskenderun's Mystic Blast
  2808 | D:4      | Reached XP level 6. HP: 32/32 MP: 15/15
  3562 | D:5      | Entered Level 5 of the Dungeon
  3936 | D:5      | Found Ojuzeic's Magic Scroll Shoppe.
  3944 | D:5      | Bought a scroll of amnesia for 45 gold pieces
  3944 | D:5      | Bought a scroll of teleportation for 39 gold pieces
  4105 | D:5      | Reached skill level 5 in Spellcasting
  4575 | D:5      | Identified the +1 ring mail of the Vaults {Will+}
  4684 | D:6      | Reached XP level 7. HP: 36/36 MP: 17/17
  4721 | D:6      | Noticed a steam dragon
  4733 | D:6      | Killed a steam dragon
  4895 | D:6      | Reached skill level 5 in Hexes
  5277 | D:6      | Reached skill level 6 in Spellcasting
  5686 | D:7      | Noticed Menkaure
  5689 | D:7      | Killed Menkaure
  5723 | D:6      | Reached * piety under Vehumet
  5723 | D:6      | Offered knowledge of Shock by Vehumet.
  5784 | D:7      | Reached XP level 8. HP: 41/41 MP: 19/19
  5866 | D:7      | Reached skill level 5 in Translocations
  5943 | D:7      | Reached skill level 7 in Spellcasting
  6486 | D:8      | Found a flagged portal.
  6497 | Bailey   | Entered a bailey
  6648 | Bailey   | Noticed an orc knight
  6834 | D:8      | Offered knowledge of Scorch by Vehumet.
  6917 | D:8      | Got Futhi's Guide on Glacial Evil Rituals
  6920 | D:8      | Reached ** piety under Vehumet
  6938 | D:8      | Reached skill level 8 in Spellcasting
  6968 | D:8      | Reached XP level 9. HP: 45/45 MP: 20/23
  7205 | D:8      | Offered knowledge of Mephitic Cloud by Vehumet.
  7403 | D:8      | Reached skill level 1 in Fighting
  7467 | D:8      | Found a large runed translucent door.
  7467 | D:8      | Found a large runed translucent door.
  7468 | D:8      | Noticed Tyszek's ghost (novice MiFi)
  7936 | D:9      | Reached skill level 9 in Spellcasting
  8063 | D:9      | Noticed a troll
  8072 | D:9      | Killed a troll
  8073 | D:9      | Reached XP level 10. HP: 53/53 MP: 23/25
  8122 | D:9      | Reached *** piety under Vehumet
  8332 | D:9      | Noticed Gastronok
  8563 | D:9      | Killed Gastronok
  8564 | D:9      | Reached skill level 5 in Stealth
  8564 | D:9      | Reached skill level 10 in Spellcasting
  8893 | D:9      | Reached skill level 5 in Dodging
  9010 | D:9      | Reached skill level 10 in Hexes
  9015 | D:9      | Offered knowledge of Conjure Flame by Vehumet.
  9148 | D:9      | Reached XP level 11. HP: 59/59 MP: 23/27
  9379 | D:9      | Reached skill level 10 in Conjurations
  9475 | D:9      | Reached skill level 11 in Spellcasting
  9552 | D:9      | Found a staircase to the Lair.
 10007 | D:9      | Identified the +6 hand crossbow "Mocuduna" {venom, rPois
                  | rF+ Will+ MP+9}
 10059 | D:10     | Entered Level 10 of the Dungeon
 10266 | D:10     | Noticed an ogre mage
 10266 | D:10     | Noticed a boulder beetle
 10297 | D:10     | Learned a level 4 spell: Olgreb's Toxic Radiance
 10416 | D:10     | Reached **** piety under Vehumet
 10557 | D:10     | Noticed a centaur warrior
 10560 | D:10     | Noticed a red ugly thing
 10561 | D:10     | Noticed a brown ugly thing
 10562 | D:10     | Killed a centaur warrior
 10563 | D:10     | Noticed a green ugly thing
 10565 | D:10     | Killed a red ugly thing
 10565 | D:10     | Killed a brown ugly thing
 10569 | D:10     | Killed a green ugly thing
 10587 | D:10     | Noticed an ogre mage
 10703 | D:10     | Offered knowledge of Freezing Cloud by Vehumet.
 10784 | D:10     | Learned a level 5 spell: Freezing Cloud
 10797 | D:10     | Found a staircase to the Orcish Mines.
 10826 | D:10     | Reached skill level 12 in Spellcasting
 11023 | D:10     | Killed a boulder beetle
 11024 | D:10     | Reached skill level 1 in Ice Magic
 11024 | D:10     | Reached skill level 1 in Poison Magic
 11139 | D:10     | Noticed a six-headed hydra
 11148 | D:10     | Killed a six-headed hydra
 11149 | D:10     | Reached skill level 1 in Air Magic
 11201 | D:10     | Reached skill level 10 in Translocations
 11201 | D:10     | Reached XP level 12. HP: 35/66 MP: 29/30
 11338 | D:10     | Killed an ogre mage
 11385 | D:10     | Paralysed by an ogre mage for 4 turns
 11386 | D:10     | Killed an ogre mage
 11925 | Lair:1   | Entered Level 1 of the Lair of Beasts
 11925 | Lair:1   | Noticed a six-headed hydra
 11929 | Lair:1   | Killed a six-headed hydra
 12144 | Lair:1   | Found a broken altar of Ashenzari.
 12499 | Lair:1   | Found a snail-covered altar of Cheibriados.
 12871 | Lair:1   | Found a runed translucent door.
 12872 | Lair:1   | Noticed a seven-headed hydra
 12872 | Lair:1   | Noticed Desiwk's ghost (journeyman MiFi)
 13050 | Lair:2   | Reached skill level 13 in Spellcasting
 13204 | Lair:2   | Reached ***** piety under Vehumet
 13208 | Lair:2   | Offered knowledge of Eringya's Noxious Bog by Vehumet.
 13238 | Lair:2   | Found a staircase to the Swamp.
 13529 | Lair:2   | Identified the +6 whip of the Wolf {venom, Str+4 Dex+8}
 13867 | Lair:3   | Reached XP level 13. HP: 72/72 MP: 31/32
 13869 | Lair:3   | Reached skill level 5 in Ice Magic
 13871 | Lair:3   | Reached skill level 5 in Poison Magic
 14275 | Lair:3   | Noticed Prince Ribbit
 14281 | Lair:3   | Killed Prince Ribbit
 15251 | Lair:4   | Reached skill level 5 in Air Magic
 15427 | Lair:4   | Reached skill level 5 in Fighting
 15671 | Lair:4   | Found a staircase to the Snake Pit.
 15956 | Lair:4   | Offered knowledge of Sticky Flame by Vehumet.
 16317 | Lair:5   | Identified the +4 trident "Killer Bee's Foe" {flame, rElec
                  | rF- Will++ Int+2}
 16659 | Lair:5   | Reached skill level 14 in Spellcasting
 17335 | Lair:6   | Entered Level 6 of the Lair of Beasts
 17790 | Lair:6   | Reached skill level 15 in Spellcasting
 17790 | Lair:6   | Reached XP level 14. HP: 79/79 MP: 35/35
 18025 | Lair:6   | Learned a level 7 spell: Orb of Destruction
 18191 | Lair:6   | Found a staircase to the Slime Pits.
 18511 | Lair:6   | Found the +8 trident of the Octopus King {venom, rElec
                  | rPois}
 18887 | Orc:1    | Entered Level 1 of the Orcish Mines
 18904 | Orc:1    | Found Hyruafick's CLEARANCE SALE!.
 18927 | Orc:2    | Entered Level 2 of the Orcish Mines
 18927 | Orc:2    | Found a staircase to the Elven Halls.
 19065 | Orc:2    | Identified the +3 chain mail "Zaaty" {Fly rC++ Regen+
                  | Stlth+}
 19117 | Orc:2    | Reached skill level 16 in Spellcasting
 19149 | Orc:2    | Noticed an orc warlord
 19155 | Orc:2    | Killed an orc warlord
 20096 | Orc:2    | Reached ****** piety under Vehumet
 20130 | Orc:1    | Noticed an orc warlord
 20142 | Orc:1    | Killed an orc warlord
 20143 | Orc:1    | Reached skill level 1 in Shields
 20151 | Orc:1    | Offered knowledge of Iskenderun's Battlesphere by Vehumet.
 20437 | Orc:1    | Found Ilian's Mass Market.
 20465 | Orc:2    | Found Syucs's Antique Weapon Shop.
 20801 | Orc:2    | Found Qezorham's Distillery.
 20873 | Orc:2    | Reached skill level 15 in Conjurations
 20882 | Orc:2    | Reached skill level 17 in Spellcasting
 20894 | Orc:2    | Found a radiant altar of Vehumet.
 20993 | Orc:2    | Found an ancient bone altar of Kikubaaqudgha.
 21033 | Orc:2    | Found Kimolom's Jewellery Shoppe.
 21075 | Orc:2    | Found Ikaxie's Book Emporium.
 21088 | Orc:2    | Found Tifaoj's Antique Armour Emporium.
 21131 | Orc:2    | Bought the ring of the Pharaoh's Fist {Wiz rElec rC+ Will+
                  | Dex+3} for 1006 gold pieces
 21157 | Orc:2    | Bought a book of Iron for 540 gold pieces
 21164 | Orc:2    | Learned a level 6 spell: Iron Shot
 21258 | D:11     | Reached XP level 15. HP: 50/86 MP: 32/38
 22210 | D:12     | Reached skill level 1 in Earth Magic
 22373 | D:12     | Offered knowledge of Conjure Ball Lightning by Vehumet.
 22387 | D:12     | Learned a level 6 spell: Conjure Ball Lightning
 22886 | D:13     | Noticed Kirke
 22893 | D:13     | Killed Kirke
 23132 | D:13     | Found a gate to the Vaults.
 23263 | D:13     | Noticed Erolcha
 23267 | D:13     | Killed Erolcha
 23779 | D:14     | Noticed Rupert
 23792 | D:14     | Killed Rupert
 24023 | D:14     | Identified the +0 helmet of Honesty {rC+ Will- Regen+ Int+6
                  | Slay-6}
 24729 | D:15     | Entered Level 15 of the Dungeon
 24974 | D:15     | Reached skill level 18 in Spellcasting
 25120 | D:15     | Reached skill level 5 in Shields
 25440 | D:15     | Reached skill level 5 in Earth Magic
 25973 | D:15     | Found a staircase to the Depths.
 26258 | Orc:2    | Bought a pair of embroidered gloves for 202 gold pieces
 26490 | Swamp:1  | Entered Level 1 of the Swamp
 26515 | Swamp:1  | Offered knowledge of Yara's Violent Unravelling by Vehumet.
 26533 | Swamp:1  | Reached XP level 16. HP: 74/92 MP: 4/40
 26686 | Swamp:1  | Identified the +0 robe "Faduetzot" {rC+ Int+3}
 26903 | Swamp:1  | You fall into a shaft and drop 1 floor!
 27270 | Swamp:2  | Learned a level 5 spell: Yara's Violent Unravelling
 27967 | Swamp:3  | Noticed Mara
 27975 | Swamp:3  | Noticed KamiKatze's illusion
 28046 | Swamp:3  | Noticed KamiKatze's illusion
 28046 | Swamp:3  | Killed Mara
 28098 | Swamp:3  | Noticed a tentacled monstrosity
 28111 | Swamp:3  | Killed a tentacled monstrosity
 28413 | Swamp:3  | Noticed a thorn hunter
 28416 | Swamp:3  | Killed a thorn hunter
 28493 | Swamp:3  | Reached skill level 19 in Spellcasting
 28768 | Swamp:4  | Entered Level 4 of the Swamp
 28815 | Swamp:4  | Noticed a thorn hunter
 28819 | Swamp:4  | Killed a thorn hunter
 28820 | Swamp:4  | Reached skill level 10 in Stealth
 28937 | Swamp:4  | Noticed a tentacled monstrosity
 28944 | Swamp:4  | Killed a tentacled monstrosity
 28982 | Swamp:4  | Noticed a tentacled monstrosity
 28988 | Swamp:4  | Killed a tentacled monstrosity
 29068 | Swamp:4  | Offered knowledge of Ozocubu's Refrigeration by Vehumet.
 29095 | Swamp:4  | Noticed a thorn hunter
 29101 | Swamp:4  | Killed a thorn hunter
 29241 | Swamp:4  | Noticed a thorn hunter
 29244 | Swamp:4  | Killed a thorn hunter
 29245 | Swamp:4  | Reached XP level 17. HP: 99/99 MP: 29/42
 29941 | Swamp:4  | Got a decaying rune of Zot
 30209 | Snake:1  | Entered Level 1 of the Snake Pit
 30574 | Snake:1  | Found a transporter.
 30574 | Snake:1  | Noticed Mesuenwa's ghost (adept DEWz)
 30656 | Snake:1  | Found a transporter.
 31028 | Snake:2  | Reached skill level 20 in Spellcasting
 31598 | Snake:2  | Offered knowledge of Ignition by Vehumet.
 31632 | Snake:2  | Learned a level 8 spell: Ignition
 31726 | Snake:2  | Noticed Azrael
 31733 | Snake:2  | Reached skill level 1 in Fire Magic
 31733 | Snake:2  | Killed Azrael
 31796 | Snake:2  | Identified the +9 war axe of Gallantry {protect, Will+
                  | Int+2 SInv}
 31927 | Snake:2  | Found Memepto Mois's Book Shoppe.
 31928 | Snake:2  | Found Ocliac's Jewellery Shop.
 31928 | Snake:2  | Found Esaa's Jewellery Shop.
 31937 | Snake:2  | Bought the ring of the Shimmering Hero {Fly rC+ rCorr} for
                  | 519 gold pieces
 32745 | Snake:3  | Reached skill level 10 in Earth Magic
 34069 | Snake:3  | Reached skill level 5 in Fire Magic
 34070 | Snake:3  | Offered knowledge of Lehudib's Crystal Spear by Vehumet.
 34070 | Snake:3  | Offered knowledge of Fire Storm by Vehumet.
 34070 | Snake:3  | Offered knowledge of Maxwell's Capacitive Coupling by
                  | Vehumet.
 34073 | Snake:3  | Reached skill level 21 in Spellcasting
 34074 | Snake:3  | Reached skill level 10 in Air Magic
 34094 | Snake:3  | Reached XP level 18. HP: 63/105 MP: 22/45
 34803 | Snake:4  | Entered Level 4 of the Snake Pit
 35475 | Snake:4  | Found Becizumm's Armour Emporium.
 36032 | Snake:4  | Got a serpentine rune of Zot
 36387 | D:8      | Killed Tyszek's ghost
 36515 | Lair:1   | Killed Desiwk's ghost
 36697 | Vaults:1 | Entered Level 1 of the Vaults
 36946 | Vaults:1 | Noticed Nikola
 36957 | Vaults:1 | Killed Nikola
 36958 | Vaults:1 | Shot with a bolt by a yaktaur captain

Illustrated notes

Levels and vault maps discovered:
D:1:      roderic_dead_forest, layout_basic, nicolae_ecumenical_lake_church,
          chequers_serial_rivers_small_b, ebering_dispersal_statue_hall,
          minmay_tetromino_s4
D:2:      layout_basic
D:3:      layout_basic, marbit_many_paths, corexii_shack,
          hangedman_abyss_or_decor_stabs
D:4:      layout_layer_cave, minmay_temple_entry_stoned_glass, serial_glass,
          glass_columns_a, glass_columns_a
D:5:      layout_gridville, serial_shops, nicolae_diamond_shop
D:6:      layout_loops_ring, kennysheep_generic_room_16
D:7:      layout_gridville, hangedman_abyss_or_decor_passed, uniq_menkaure
D:8:      layout_cave_pools, ebering_ghost_disaster_area, serial_glass,
          glass_columns_a, glass_columns_a, glass_columns_a, enter_bailey_8
D:9:      minmay_octagon_keep, layout_loops_corners, minmay_lair_entry_grove,
          grunt_livestock, bh_walls_and_bars, uniq_gastronok
D:10:     hangedman_cross_veins, layout_long_grid, david_orc_2
D:11:     layout_cave_pools
D:12:     layout_loops_corners, kennysheep_big_empty_room
D:13:     layout_roguey, david_vaults_5, uniq_kirke, uniq_erolcha
D:14:     layout_small_grid, infiniplex_staircase_zigzag_4, uniq_rupert
D:15:     grunt_enter_depths_magical_seal, layout_basic, grunt_decor_one_mirror
Temple:   mainiacjoe_temple_trianglar_array
Lair:1:   layout_cave_pods, basic_altar, ebering_ghost_inner_flame,
          kennysheep_snail_temple, lemuel_fruit_fields
Lair:2:   layout_roguey, minmay_swamp_entry_swarm
Lair:3:   layout_layer_cave, minmay_hedge_maze, serial_bayou_shore_a,
          uniq_prince_ribbit2
Lair:4:   layout_regular_city, minmay_snake_entry_guardpost_small, dpeg_oklob_1
Lair:5:   layout_small_grid, infiniplex_staircase_pool_2
Lair:6:   gammafunk_lair_ancient_temple, layout_small_grid,
          minmay_slime_entry_oklob_enclosed
Swamp:1:  layout_basic_swamp, nicolae_swamp_ascending_descending, swamp_pool5
Swamp:2:  layout_basic_swamp, serial_swamp_ruin, evilmike_swamp_ruin_house_3,
          evilmike_swamp_ruin_house_4, evilmike_swamp_ruin_rubble_1, swamp_pool2
Swamp:3:  layout_falls_marsh, evilmike_swamp_ruin_house_2, uniq_mara
Swamp:4:  swamp_basic_johnstein, layout_basic_swamp
Snake:1:  layout_concentric_octagons, gammafunk_ghost_arena
Snake:2:  layout_chambers, st_stairs_9, serial_bayou_pond_d, minmay_shop_grove,
          serial_bayou_shore_b, grunt_megastairs_4, uniq_azrael
Snake:3:  layout_onion_interference
Snake:4:  grunt_snake_rune_pools, layout_layer_cave, serial_shops,
          nicolae_shop_crystal, st_stairs_10
Orc:1:    layout_diamond_mine, minmay_shop_mass, nicolae_shop_clearance
Orc:2:    kennysheep_orc_mage_school, layout_diamond_mine, serial_shops,
          nicolae_shop_waterfront, elf_legates
Vaults:1: v_pattern_1, nicolae_vaults_three_branches, grunt_vaults_twisty,
          hangedman_vaults_hat, ontoclasm_vaults_hangar, vaults_room_door_ring,
          ontoclasm_vaults_decontamination, vaults_room_pools,
          vaults_room_fours, vaults_room_hallway,
          nicolae_vaults_mini_display_case, layout_vaults_omnigrid, uniq_nikola

Skill      XL: |  1  2  3  4  5  6  7  8  9 10 11 12 13 14 15 16 17 18 |
---------------+-------------------------------------------------------+-----
Hexes          | 1 2 3 4 5 7 8 10 | 10.0
Translocations | 1 2 3 4 6 7 8 10 | 10.0
Stealth        | 3 4 5 7 8 9 10 | 10.2
Conjurations   | 5 6 7 8 9 10 11 13 15 16 | 16.6
Dodging        | 3 4 5 6 7 8 |  8.3
Spellcasting   | 4 5 6 8 9 10 12 13 15 17 18 19 21 | 21.9
Fighting       | 1 2 4 5 7 8 9 |  9.0
Ice Magic      | 1 4 6 |  6.0
Poison Magic   | 1 4 6 |  6.0
Air Magic      | 1 4 6 7 9 10 | 10.4
Shields        | 3 5 6 |  6.6
Earth Magic    | 5 8 10 11 | 11.3
Fire Magic     | 5 8 |  8.6

Action                   |  1- 3 |  4- 6 |  7- 9 | 10-12 | 13-15 | 16-18 || total
-------------------------+-------+-------+-------+-------+-------+-------++-------
Melee: Dagger            |     4 |    20 |     1 |       |       |       ||    25
       Staff             |       |       |       |       |     3 |       ||     3
       Trident           |       |       |       |       |     1 |     1 ||     2
Throw: Dart              |       |       |       |       |       |     1 ||     1
 Cast: Magic Dart        |    72 |    75 |    42 |    17 |    10 |     1 ||   217
       Searing Ray       |     5 |    18 |    12 |    14 |    11 |     1 ||    61
       Fulminant Prism   |       |     4 |    63 |   133 |   192 |    20 ||   412
       Iskenderun's Myst |       |     2 |     5 |    57 |    72 |    78 ||   214
       Olgreb's Toxic Ra |       |       |       |     3 |     4 |       ||     7
       Freezing Cloud    |       |       |       |     3 |   144 |    95 ||   242
       Orb of Destructio |       |       |       |       |     9 |   104 ||   113
       Iron Shot         |       |       |       |       |    44 |   129 ||   173
       Conjure Ball Ligh |       |       |       |       |     9 |    69 ||    78
  Use: Scroll            |       |       |    12 |     6 |    10 |     3 ||    31
       Potion            |       |       |       |       |     1 |     1 ||     2
 Stab: Sleeping          |     2 |     1 |       |       |       |       ||     3
Armor: Robe              |     1 |     6 |     8 |    20 |    19 |    28 ||    82
Dodge: Dodged            |       |    21 |    11 |    36 |    22 |    60 ||   150
Block: Buckler           |       |       |       |       |     3 |    27 ||    30
